AoeStats
← p1mple

Four Lakes

507961695Analyzed
1v1 RM · 13d ago on Sep 20, 2026· 38m 18s· 2 players
Game mode
Random Map
Map size
Tiny (2 player)
Population
200
Speed
Normal
Resources
Standard
Victory
Conquest
Starting age
Dark Age
Ending age
Imperial Age
RankedLock teamsTeams togetherTeam positionsShared explorationLock speedFull tech treeHidden civsTurbo modeCheats
Victory
Defeat
🇩🇪 Franks · Germany
699
+9
🇫🇷 Turks · France
542
-9
Sorcor
13:03 Feudal Age
17:01 Castle Age
15:56 Double-Bit Axe
22:32 Imperial Age
21:27 Horse Collar
25:00 Padded Archer Armor
30:15 Bow Saw
34:43 Leather Archer Armor
34:50 Gold Mining
p1mple
6:40 Loom
12:32 Feudal Age
13:11 Double-Bit Axe
19:18 Castle Age
17:47 Fishing Lines
18:25 Fishing Lines
19:08 Forging
20:39 Wheelbarrow
21:05 Town Watch
22:32 Gold Mining
22:56 Scale Barding Armor
23:45 Husbandry
28:13 Chain Barding Armor
28:29 Iron Casting
29:35 Stone Mining
29:42 Elite Skirmisher
30:38 Padded Archer Armor
30:28 Fletching
34:33 Gillnets
38:01 Hand Cart
Connection lost

Rejoining the realm…

Still unreachable

The connection could not be restored.

Session expired

The server has moved on; the page needs a fresh start.